 Dungeon Crawl Stone Soup version 0.29.1-15-g9cfb28693d (webtiles) character file.

Game seed: 14390314321032082847

4354 ChiefBigBeans the Geomancer (level 10, -5/63 HPs)
             Began as a Gargoyle Earth Elementalist on Feb 23, 2023.
             Was a Believer of Vehumet.
             Slain by Grum
             ... wielding a -2 halberd
              (13 damage)
             ... on level 8 of the Dungeon.
             The game lasted 00:31:53 (8910 turns).

ChiefBigBeans the Geomancer (GrEE)                  Turns: 8910, Time: 00:31:53

Health: -5/63      AC: 16    Str: 16    XL:     10   Next: 34%
Magic:  10/20      EV: 10    Int: 26    God:    Vehumet [**....]
Gold:   371        SH:  0    Dex: 10    Spells: 12/22 levels left

rFire   + . .      SeeInvis .   s - +3 hand axe (spect)
rCold   . . .      Faith    .   (no shield)
rNeg    + + +      Spirit   .   f - +0 ring mail
rPois   ∞          Reflect  .   (no helmet)
rElec   +          Harm     .   n - +0 cloak
rCorr   .          Rampage  .   x - +0 pair of gloves
Will    .....      Rage     3%  g - +1 pair of boots
Stlth   +.........              A - amulet of magic regeneration
HPRegen 0.20/turn               w - ring of Voacuvunk {Fly rN++ Int+4}
MPRegen 0.57/turn               l - +6 ring of intelligence

@: about to teleport, flying
A: sickness immunity, AC +7, negative energy resistance 1, electricity
resistance, torment resistance 1, petrification resistance, berserk 1, fire
resistance 1, screaming 1
a: Renounce Religion


You were on level 8 of the Dungeon.
You worshipped Vehumet.
Vehumet was pleased with you.
You visited 2 branches of the dungeon, and saw 9 of its levels.
You also visited: Sewer.

You collected 486 gold pieces.
You spent 115 gold pieces at shops.

Inventory:

Hand Weapons
 r - a +3 spear of venom
 s - a +3 spectral hand axe (weapon)
 C - a +4 scimitar
Armour
 f - a +0 ring mail (worn)
 g - a +1 pair of boots (worn)
 n - a +0 cloak (worn)
 x - a +0 pair of gloves (worn)
 y - a +0 kite shield
Jewellery
 k - a +4 ring of evasion
 l - a +6 ring of intelligence (right hand)
 m - an amulet of reflection
 p - a ring of see invisible
 u - an amulet of faith
 w - the ring of Voacuvunk (left hand) {Fly rN++ Int+4}
   (You found it on level 5 of the Dungeon)

   [ring of flight]

   Int:       It affects your intelligence (+4).
   rN:        It greatly protects you from negative energy.
   Fly:       It grants you flight.
 A - an amulet of magic regeneration (around neck)
Wands
 i - a wand of roots (17)
 j - a wand of polymorph (15)
 z - a wand of digging (4)
Scrolls
 c - 11 scrolls of identify
 h - 2 scrolls of teleportation
 o - 2 scrolls of butterflies
 q - a scroll of magic mapping
 B - a scroll of vulnerability {unknown}
Potions
 a - 2 potions of haste
 b - a potion of magic
 d - a potion of cancellation
 t - a potion of brilliance
 v - a potion of might


   Skills:
 + Level 7.6 Fighting
 - Level 0.7(0.9) Short Blades
 - Level 0.4(0.7) Long Blades
 + Level 6.2 Axes
 - Level 1.6 Dodging
 - Level 2.3 Stealth
 + Level 6.6 Spellcasting
 - Level 3.5 Transmutations
 + Level 9.3 Earth Magic


You had 12 spell levels left.
You knew the following spells:

 Your Spells              Type           Power      Damage    Failure   Level
a - Sandblast             Erth           100%       2d20      1%          1
b - Stone Arrow           Conj/Erth      64%        3d11      5%          3
c - Passwall              Tmut/Erth      34%        N/A       1%          2
d - Petrify               Tmut/Erth      41%        N/A       9%          4

Your spell library contained the following spells:

 Spells                   Type           Power      Damage    Failure   Level
 Poisonous Vapours        Pois/Air       16%        N/A       19%         2
 Foxfire                  Conj/Fire      32%        2x1d5     12%         1
 Conjure Flame            Conj/Fire      8%         6-21      36%         3
 Dazzling Flash           Conj/Hex       16%        N/A       36%         3
 Inner Flame              Hex/Fire       8%         N/A       36%         3
 Ozocubu's Armour         Ice            8%         N/A       36%         3
 Flame Wave               Conj/Fire      8%         2d5       77%         4
 Agony                    Necr           8%         N/A       98%         5
 Metabolic Englaciation   Hex/Ice        4%         N/A       98%         5
 Silence                  Hex/Air        4%         N/A       98%         5
 Simulacrum               Ice/Necr       4%         N/A       100%        6


Dungeon Overview and Level Annotations

Branches:
Dungeon (8/15)             Temple (1/1) D:7           Sewer (visited)
   Lair: D:8-11

Altars:
Ashenzari
Cheibriados
Dithmenos
Elyvilon
Fedhas
Gozag
Hepliaklqana
Kikubaaqudgha
Makhleb
Nemelex Xobeh
Okawaru
Qazlal
Ru
Sif Muna
Trog
Uskayaw
Vehumet
Wu Jian
Xom
Yredelemnul
Zin

Shops:
D:7 *

Annotations:
D:8 Grum


Innate Abilities, Weirdness & Mutations

You are immune to sickness and miasma.
Your stone body is resilient. (AC +7)
You are immune to poison.
You resist negative energy. (rN+)
You are resistant to electric shocks. (rElec)
You are resistant to unholy torment.
You are immune to petrification.
You sometimes lose your temper in combat.
Your flesh is heat resistant. (rF+)
You occasionally shout uncontrollably at your foes.


Message History

You hit the wolf.
The wolf is heavily wounded.
Your +3 spectral hand axe misses the wolf.
The wolf bites you but does no damage. The wight barely misses you.
Grum zaps a wand.
Some rock shatters into small pieces.
The wight hits you but does no damage. The wolf bites you!
You hit the wolf. Your punch misses the wolf.
The wolf is severely wounded.
Your +3 spectral hand axe completely misses the wolf.
The wolf bites you but does no damage. The wight barely misses you.
The wight hits you from afar with a +2 trident!
* * * LOW HITPOINT WARNING * * *
The wolf barely misses you.
Found a stone staircase leading down.
The wolf bites you.
* * * LOW HITPOINT WARNING * * *
The wight hits you but does no damage.
The wight hits you from afar with a +2 trident.
* * * LOW HITPOINT WARNING * * *
Grum barely misses you. The wolf bites you.
* * * LOW HITPOINT WARNING * * *
The wolf bites you.
* * * LOW HITPOINT WARNING * * *
The wight closely misses you. The wolf bites you.
* * * LOW HITPOINT WARNING * * *
You feel better. The wolf bites you.
* * * LOW HITPOINT WARNING * * *
The wight hits you but does no damage. Grum barely misses you.
The wolf bites you but does no damage.
You feel better. The wight hits you but does no damage.
Grum closely misses you. The wolf bites you.
* * * LOW HITPOINT WARNING * * *
You feel better. The wolf barely misses you. The wight closely misses you.
Grum hits you from afar with a -2 halberd!
* * * LOW HITPOINT WARNING * * *
The wolf closely misses you.
As you read the scroll of teleportation, it crumbles to dust.
You feel strangely unstable. The wolf bites you but does no damage.
The wight closely misses you.
Grum hits you from afar with a -2 halberd!
You die...

## . ##. >. #..# ... .
### #..#....
.##.###..........# ..##
...##.#.........#
.....##.#g.@.# .....#
#....†z#h#.## ......
#......#.zz.#..##.....©
#.........#.....#..##(.
#.........####........#
#.........# ##....#..#
#.........# #........#
#####........#.
#........#
....#.........#
#........#


You could see Grum, a wolf and 3 wights.

Vanquished Creatures
  Grinder (D:3)
  2 hornets
  Sigmund (D:3)
  An orc warrior (D:7)
  Pargi (D:3)
  4 sky beasts
  An ogre (D:7)
  2 centaurs
  2 wolves (D:8)
  A kobold brigand (D:8)
  3 bullfrogs
  3 gnoll sergeants (D:7)
  2 necrophages (D:6)
  4 scorpions
  3 wights (D:8)
  3 killer bees (D:7)
  A howler monkey (D:7)
  2 jellies
  12 hounds
  4 gnoll boudas
  4 orc priests
  4 iguanas
  9 orc wizards
  A hell rat (Sewer)
  6 adders
  21 gnolls
  A river rat (D:3)
  A shadow imp (D:7)
  3 white imps
  An ufetubus (D:5)
  A worm (D:3)
  31 orcs
  10 endoplasms
  5 giant cockroaches
  A goblin (D:1)
  15 hobgoblins
  3 jackals (D:2)
  4 quokkas
  12 ball pythons
  4 bats
  5 frilled lizards
  18 kobolds
  12 rats
225 creatures vanquished.

Vanquished Creatures (others)
  22 plants (D:7)
22 creatures vanquished.

Grand Total: 247 creatures vanquished

Notes
Turn   | Place    | Note
-------+----------+-------------------------------------------
     0 | D:1      | ChiefBigBeans the Gargoyle Earth Elementalist began the
                  | quest for the Orb.
     0 | D:1      | Reached XP level 1. HP: 10/10 MP: 3/3
   364 | D:1      | Reached XP level 2. HP: 15/15 MP: 3/5
   774 | D:1      | Reached skill level 1 in Fighting
   774 | D:1      | Reached XP level 3. HP: 20/20 MP: 4/6
   780 | D:1      | Reached skill level 4 in Earth Magic
  1534 | D:2      | Reached XP level 4. HP: 20/25 MP: 2/7
  1893 | D:3      | Learned a level 3 spell: Stone Arrow
  1896 | D:3      | Learned a level 2 spell: Passwall
  2098 | D:3      | Found a glowing drain.
  2109 | Sewer    | Entered a sewer
  2176 | Sewer    | Reached skill level 1 in Axes
  2176 | Sewer    | Reached XP level 5. HP: 30/30 MP: 9/9
  2339 | D:3      | Noticed Grinder
  2356 | D:3      | Killed Grinder
  2357 | D:3      | Reached skill level 5 in Earth Magic
  2357 | D:3      | Reached XP level 6. HP: 27/37 MP: 6/11
  2518 | D:3      | Noticed Pargi
  2524 | D:3      | Killed Pargi
  2525 | D:3      | Reached XP level 7. HP: 40/41 MP: 6/12
  2525 | D:3      | Noticed Sigmund
  2564 | D:3      | Killed Sigmund
  2865 | D:3      | Reached skill level 1 in Transmutations
  2865 | D:3      | Reached skill level 6 in Earth Magic
  3681 | D:4      | Reached XP level 8. HP: 38/48 MP: 3/14
  4570 | D:5      | Entered Level 5 of the Dungeon
  4925 | D:5      | Identified the ring of Voacuvunk {Fly rN++ Int+4}
  4957 | D:5      | Gained mutation: You sometimes lose your temper in combat.
                  | [potion of mutation]
  4957 | D:5      | Gained mutation: Your flesh is heat resistant. (rF+)
                  | [potion of mutation]
  4957 | D:5      | Gained mutation: You occasionally shout uncontrollably at
                  | your foes. [potion of mutation]
  5205 | D:5      | Found an iron altar of Okawaru.
  5733 | D:6      | Reached skill level 5 in Fighting
  5922 | D:6      | Reached skill level 7 in Earth Magic
  6112 | D:6      | Learned a level 4 spell: Petrify
  6217 | D:7      | Found a staircase to the Ecumenical Temple.
  6235 | D:7      | Reached skill level 5 in Spellcasting
  6235 | D:7      | Reached XP level 9. HP: 40/54 MP: 1/16
  6247 | Temple   | Entered the Ecumenical Temple
  6279 | Temple   | Became a worshipper of Vehumet
  6547 | D:7      | Found a snail-covered altar of Cheibriados.
  7151 | D:7      | Reached skill level 5 in Axes
  7183 | D:7      | Reached skill level 8 in Earth Magic
  7274 | D:7      | Reached * piety under Vehumet
  7274 | D:7      | Offered knowledge of Magic Dart by Vehumet.
  7636 | D:7      | Found Estran's Assorted Antiques.
  7644 | D:7      | Bought a dented fluorescent amulet for 115 gold pieces
  7732 | D:7      | Found a large runed translucent door.
  7733 | D:7      | Found a large runed translucent door.
  7766 | D:7      | Found a shimmering blue altar of Sif Muna.
  7781 | D:7      | Found a stormy altar of Qazlal.
  8010 | D:7      | Noticed a hornet
  8014 | D:7      | Killed a hornet
  8015 | D:7      | Reached XP level 10. HP: 63/63 MP: 10/19
  8478 | D:8      | Reached skill level 9 in Earth Magic
  8497 | D:8      | Offered knowledge of Poisonous Vapours by Vehumet.
  8516 | D:8      | Reached ** piety under Vehumet
  8892 | D:8      | Noticed Grum
  8906 | D:8      | HP: 2/63 [wolf[Grum] (3)]
  8910 | D:8      | Slain by Grum

Illustrated notes

Levels and vault maps discovered:
D:1:      erik_arrival_triangle_medium, layout_rooms,
          chequers_serial_rivers_micro_e
D:2:      layout_loops_ring
D:3:      layout_loops_ring, portal_sewer_entry_b, st_stairs_5,
          item_on_display_a, uniq_pargi, uniq_sigmund, uniq_grinder
D:4:      layout_basic, serial_rivers, chequers_serial_rivers_large_b,
          chequers_serial_rivers_large_a, chequers_serial_rivers_room_b,
          chequers_serial_rivers_small_b, chequers_serial_rivers_micro_e
D:5:      layout_loops_ring, lemuel_round_altar
D:6:      layout_rooms
D:7:      kennysheep_housing_project, layout_gridville,
          mainiacjoe_overflow_paths, jmf_multi_god_temple2,
          minmay_temple_entry_drinking_statues, serial_shops, shop_fountains,
          kennysheep_generic_room_11
D:8:      gammafunk_the_bubble [the_bubble_gammafunk_split], layout_rooms,
          tso_oasis_becter, minmay_increasing_density, uniq_gastronok, uniq_grum
Temple:   minmay_crystal_spiral_temple

Skill      XL: |  1  2  3  4  5  6  7  8  9 10 |
---------------+-------------------------------+-----
Fighting       | 1 2 3 4 5 7 |  7.6
Earth Magic    | 4 5 6 7 8 9 |  9.3
Axes           | 1 2 3 4 5 6 |  6.2
Spellcasting   | 3 4 5 6 |  6.6
Transmutations | 1 3 |  3.5
Short Blades   | |  0.7
Long Blades    | |  0.4
Dodging        | |  1.6
Stealth        | |  2.3

Action                   |  1- 3 |  4- 6 |  7- 9 | 10-12 || total
-------------------------+-------+-------+-------+-------++-------
Melee: Unarmed           |     9 |       |     1 |       ||    10
       Short sword       |     5 |       |       |       ||     5
       Hand axe          |    10 |    41 |   206 |    62 ||   319
       Long sword        |     6 |       |       |       ||     6
       Punch             |       |     1 |     2 |     2 ||     5
 Cast: Sandblast         |    43 |    41 |     4 |       ||    88
       Stone Arrow       |       |       |    99 |    28 ||   127
  Use: Scroll            |     6 |     2 |     8 |     1 ||    17
       Potion            |     3 |     1 |    11 |     3 ||    18
 Stab: Distracted        |       |       |     1 |       ||     1
Armor: Robe              |     5 |       |       |       ||     5
       Leather armour    |     4 |    11 |    12 |       ||    27
       Skin              |       |       |     1 |       ||     1
       Ring mail         |       |       |   100 |    70 ||   170
Dodge: Dodged            |    22 |    38 |   133 |    56 ||   249
Block: Other             |    10 |    14 |    62 |       ||    86
       Reflection        |     1 |       |     1 |       ||     2
